 Dungeon Crawl Stone Soup version 0.30.0-5-g1a98f26d00 (webtiles) character file.

Game seed: 838039614642577138

8 monsoonserge the Ducker (level 2, 16/16 HPs)
             Began as a Deep Elf Monk on May 11, 2023.
             Was a Believer of Hepliaklqana.
             Quit the game on level 1 of the Dungeon.
             The game lasted 00:01:13 (221 turns).

monsoonserge the Ducker (Deep Elf Monk)              Turns: 221, Time: 00:01:14

Health: 16/16      AC:  3    Str:  8    XL:     2   Next: 0%
Magic:  4/4        EV: 13    Int: 14    God:    Hepliaklqana [**....]
Gold:   17         SH:  0    Dex: 17    Spells: 1/1 levels left

rFire   . . .        a - +0 short sword
rCold   . . .        d - orb {light}
rNeg    . . .        e - +0 leather armour
rPois   .            (no helmet)
rElec   .            (no cloak)
rCorr   .            (no gloves)
SInv    .            (no boots)
Will    .....        (no amulet)
Stlth   +            (no ring)
HPRegen 0.22/turn    (no ring)
MPRegen 0.09/turn

%: no passive effects
@: glowing
A: reduced essence
a: Renounce Religion, Ancestor Life: Knight, Ancestor Life: Battlemage, Ancestor
Life: Hexer, Recall Ancestor, Ancestor Identity


You were on level 1 of the Dungeon.
You worshipped Hepliaklqana.
Hepliaklqana was pleased with you.
You visited 1 branch of the dungeon, and saw 1 of its levels.

You collected 17 gold pieces.

Inventory:

Hand Weapons
 a - a +0 short sword (weapon)
Missiles
 b - 5 stones (quivered)
Armour
 d - an orb of light (worn)
 e - a +0 leather armour (worn)
Scrolls
 g - a scroll of immolation
Potions
 c - a potion of ambrosia
 f - 2 potions of degeneration {unknown}


   Skills:
 + Level 2.5 Fighting
 + Level 3.1 Short Blades
 * Level 0.3 Armour
 + Level 3.8 Dodging


You had one spell level left.
You didn't know any spells.
Your spell library was empty.

Dungeon Overview and Level Annotations

Branches:
Dungeon (1/15)

Altars:
Hepliaklqana


Message History

f - 2 fuming pink potions (gained 1)
Found a stone staircase leading down.
Found a club.
Found a spear.
A bat comes into view.
A bat comes into view.
Found a scroll of immolation.
Found a faded altar of an unknown god.
The bat misses you. The bat misses you.
You hit the bat.
You kill the bat!
The bat misses you. The bat closely misses you.
You hit the bat.
The bat is moderately wounded.
The bat barely misses you. The bat hits you but does no damage.
You hit the bat but do no damage.
The bat is moderately wounded.
The bat closely misses you.
You hit the bat.
You kill the bat!
You have reached level 2!
You see here a +0 spear.
Found a chain mail and a stone.
Found a short sword.
There is a faded altar of an unknown god here.
You see here a scroll of immolation.
g - a scroll of immolation You see here a +0 short sword.
b - 5 stones (gained 1)
There are no items here.
There is a faded altar of an unknown god here.
This altar belongs to (a) Sif Muna, (b) Hepliaklqana or (c) Nemelex Xobeh, but you can't tell which.
Press the corresponding letter to learn more about a god, or press enter to convert or escape to cancel.
Hepliaklqana accepts your prayer! Hepliaklqana welcomes you!
Hepliaklqana forms a fragment of your life essence into the memory of your ancestor, Djefatnebti!
You can now recall your ancestor.
You can now remember your ancestor's identity.
You may now remember your ancestor's life.
Okay, then.
Are you sure you want to abandon this character and quit the game? (Confirm with "yes".)

... #. #######.###. #)
#.......... ... #.
#)#.#...#.##...# #.
###.#...#........#
#.###..†.....#.......#
####>.##.#.#..##..#.#...#
............#....#...#..#
####..###...#...@..#....#
#..# ##..#.#.R....#..#
#..# #....#...#..#..#
#..# #..............#
#..## #..##.#..#.#..)#
#...# #...#..+#.[.#..#
##..# #..............#
#..# ##...#######...#
#..# ..# #####


You could see the friendly Djefatnebti the ancestor.

Vanquished Creatures
  3 goblins (D:1)
  2 bats (D:1)
  A frilled lizard (D:1)
  A kobold (D:1)
  2 rats (D:1)
9 creatures vanquished.

Notes
Turn   | Place    | Note
-------+----------+-------------------------------------------
     0 | D:1      | monsoonserge the Deep Elf Monk began the quest for the Orb.
     0 | D:1      | Reached XP level 1. HP: 13/13 MP: 3/3
   185 | D:1      | Found a faded altar of an unknown god.
   191 | D:1      | Reached XP level 2. HP: 18/18 MP: 4/4
   220 | D:1      | Prayed at the altar of an unknown god.
   220 | D:1      | Became a worshipper of Hepliaklqana the Forgotten
   220 | D:1      | Reached * piety under Hepliaklqana
   220 | D:1      | Reached ** piety under Hepliaklqana
   221 | D:1      | Quit the game

Illustrated notes

Levels and vault maps discovered:
D:1:      spicycebolla_arrival_clurvy, layout_loops_ring,
          hellmonk_ecumenical_altar_blasted,
          wander_ebering_terrifying_dragon_lair

Action                     || total
---------------------------++-------
  Melee: Short sword       ||    22
 Armour: Leather armour    ||     4
  Dodge: Dodged            ||    12
